 Dungeon Crawl Stone Soup version 0.20.0-10-g0535bb4 (webtiles) character file.

231925 Haldmier the Severer (level 19, -3/179 HPs)
             Began as a Hill Orc Gladiator on June 4, 2017.
             Was the Champion of Makhleb.
             Killed from afar by Asterion (20 damage)
             ... with a bolt of fire
             ... on level 2 of the Snake Pit on June 5, 2017.
             The game lasted 02:55:17 (42055 turns).

Haldmier the Severer (Hill Orc Gladiator)          Turns: 42055, Time: 02:55:18

Health: -3/179     AC: 25    Str: 21    XL:     19   Next: 52%
Magic:  37/37      EV: 27    Int:  8    God:    Makhleb [******]
Gold:   760        SH:  0    Dex: 24    Spells: 21/24 levels left

rFire    . . .     SeeInvis +   a - +2 broad axe of the Messenger {flame, rPois}
rCold    + + .     Gourm    .   (no shield)
rNeg     + + .     Faith    .   t - +5 scale mail of the Crushed People {rC+ Dex+3}
rPois    +         Spirit   .   W - +0 mask of the Dragon {MR+ Slay+3 SInv}
rElec    .         Reflect  .   T - +2 cloak
rCorr    .         Harm     .   g - +2 pair of gloves of Nuisuil {*Drain rN+ Slay+3}
MR       +++..                  m - +1 pair of boots
Stlth    +.........             l - amulet of rage
Regen    0.4/turn               K - ring of the Will of the Gods {rC+ rN+ MP+9}
MPRegen  0.3/turn               X - ring "Ixic" {*Corrode MR+ EV+5 Dex+5}

@: liquid flames, very slightly contaminated, glowing
A: no striking features
}: 1/15 runes: decaying
a: Minor Destruction, Lesser Servant of Makhleb, Major Destruction, Greater
Servant of Makhleb, Renounce Religion, Evoke Berserk Rage


You were on level 2 of the Snake Pit.
You worshipped Makhleb.
Makhleb was exalted by your worship.
You were near starving.

You visited 7 branches of the dungeon, and saw 33 of its levels.
You visited 1 bazaar.

You collected 2988 gold pieces.
You spent 2228 gold pieces at shops.

Inventory:

Hand Weapons
 a - the +2 broad axe of the Messenger (weapon) {flame, rPois}
   (You bought it in a shop on level 4 of the Dungeon)

   It has been specially enchanted to burn those struck by it, causing extra
   injury to most foes and up to half again as much damage against particularly
   susceptible opponents.
   Big, fiery blades are also staple armaments of hydra-hunters.
   It protects you from poison.
 x - a +0 executioner's axe of flaming
Missiles
 d - 5 throwing nets
 Z - 22 javelins (quivered)
Armour
 g - the +2 pair of gloves of Nuisuil (worn) {*Drain rN+ Slay+3}
   (You bought it in a shop in a bazaar)

   It affects your accuracy and damage with ranged weapons and melee attacks
   (+3).
   It protects you from negative energy.
   It causes draining when unequipped.
 m - a +1 pair of boots (worn)
 p - a +2 buckler
 s - a +1 chain mail of fire resistance
 t - the +5 scale mail of the Crushed People (worn) {rC+ Dex+3}
   (You bought it in a shop in a bazaar)

   It affects your dexterity (+3).
   It protects you from cold.
 T - a +2 cloak (worn)
 W - the +0 mask of the Dragon (worn) {MR+ Slay+3 SInv}
   (You found it on level 8 of the Dungeon)

   It affects your accuracy and damage with ranged weapons and melee attacks
   (+3).
   It affects your resistance to hostile enchantments.
   It lets you see invisible.
Jewellery
 l - an amulet of rage (around neck)
 F - an uncursed ring of resist corrosion
 K - the ring of the Will of the Gods (left hand) {rC+ rN+ MP+9}
   (You found it on level 15 of the Dungeon)

   [ring of magical power]

   It protects you from cold.
   It protects you from negative energy.
   It affects your magic capacity (+9).
 X - the ring "Ixic" (right hand) {*Corrode MR+ EV+5 Dex+5}
   (You found it on level 2 of the Swamp)

   [ring of evasion]

   It affects your evasion (+5).
   It affects your dexterity (+5).
   It affects your resistance to hostile enchantments.
   It may corrode you when you take damage.
 Y - an uncursed ring of protection from fire
Wands
 v - a wand of iceblast (11/15)
 H - a wand of paralysis (7/24)
 L - a wand of digging (13/24)
 V - a wand of acid (6/15)
Scrolls
 i - 5 scrolls of teleportation
 n - 2 scrolls of fear
 q - 16 scrolls of remove curse
 B - a scroll of holy word
 D - 14 scrolls of identify
 E - 5 scrolls of fog
 P - a scroll of recharging
 Q - 2 scrolls of blinking
Potions
 e - a potion of mutation
 k - 12 potions of curing
 o - 3 potions of heal wounds
 r - 3 potions of might
 u - 2 potions of haste
 w - 6 potions of agility
 y - 2 potions of cancellation
 A - 6 potions of lignification
 C - 2 potions of flight
 G - a potion of ambrosia
 N - 2 potions of berserk rage
 O - a potion of resistance
 S - a potion of invisibility
Books
 J - a book of Clouds

   Spells                             Type                      Level
   a - Poisonous Vapours              Poison/Air                   2
   b - Mephitic Cloud                 Conjuration/Poison/Air       3
   c - Conjure Flame                  Conjuration/Fire             3
   d - Freezing Cloud                 Conjuration/Ice/Air          6
   e - Ring of Flames                 Charms/Fire                  7
Miscellaneous
 b - a phial of floods
 c - a lamp of fire (inert)
 I - a fan of gales
 M - a box of beasts
Comestibles
 f - 29 bread rations
 h - 4 royal jellies
 j - 20 meat rations
 z - 50 fruits


   Skills:
 - Level 18.0 Fighting
 + Level 19.2 Axes
 - Level 5.1 Throwing
 - Level 15.9 Armour
 - Level 13.4 Dodging
 - Level 3.1 Spellcasting
 - Level 8.8 Translocations
 - Level 13.0 Invocations
 - Level 4.0 Evocations


You had 21 spell levels left.
You knew the following spells:

 Your Spells              Type           Power        Failure   Level  Hunger
a - Blink                 Tloc           N/A          2%          2    ###....
b - Apportation           Tloc           ###...       1%          1    ##.....


Dungeon Overview and Level Annotations

Branches:
Dungeon (15/15)            Temple (1/1) D:7            Lair (6/6) D:11
  Swamp (4/4) Lair:2        Snake (3/4) Lair:3        Slime (0/5) Lair:6
    Orc (2/2) D:10            Elf (2/3) Orc:2        Vaults (0/5) D:14
 Depths (0/5) D:15

Altars:
Ashenzari
Cheibriados
Dithmenos
Elyvilon
Fedhas
Gozag
Hepliaklqana
Kikubaaqudgha
Makhleb
Nemelex Xobeh
Okawaru
Qazlal
Ru
Sif Muna
Trog
Uskayaw
Vehumet
Xom
Yredelemnul
Zin
The Shining One
Beogh

Shops:
D:4 (*   D:5 %   D:6 *   D:8 [   Orc:2 %[}}   Elf:2 =?}?

Annotations:
Snake:2 Asterion


Message History

Aiming: Iceblast
Press: ? - help, Shift-Dir - straight line, p - Asterion Out of range.
Okay, then.
Unknown command.
Evoke which item? (* to show all) (? for menu, Esc to quit)
You reach into the bag... ...and things crawl out!
The now-empty bag unravels in your hand.
You are no longer corroded.
Asterion hits your worker ant with a broad axe of electrocution!
Asterion gores your worker ant!
Your worker ant dies!
Your worker ant's corpse disappears in a puff of smoke!
Asterion conjures a destructive force in the name of Makhleb!
The sticky flame hits you!
You are covered in liquid flames!
* * * LOW HITPOINT WARNING * * *
Asterion conjures a destructive force in the name of Makhleb!
The bolt of fire hits you!
You die...

.....##..#...####+#H## #.#(......
.........#..........## #..)(.....
........###..........# ####.)....
.......#....######...## ##.(...
........###.# ####H# ###...[..
.....#### #### ###..###.##.....
..##.#######.#####........##.....
####.##...............#...###....
##............@....###..###....
#...........#####.## #...##....
##.......<..## ##.## ##.>.##...
##........##..###.## #....#...
.##.....####.##..## ##......#
###.#######.####.# #......#
###### #..# #.### ##...[## .###.#
##.## ##..### #...#.. #..#.#
##.######.##..######......


You could see Asterion.

Vanquished Creatures
  Jorgrun (Elf:2)
  Kirke (Swamp:4)
  3 thorn hunters
  A nagaraja (Snake:2)
  Donald (Swamp:1)
  2 orc warlords (Orc:2)
  Aizul (Snake:2)
  Louise (Elf:1)
  A deep elf demonologist (Elf:2)
  3 dire elephants
  Azrael (Snake:3)
  3 deep elf annihilators (Elf:2)
  Josephine (D:12)
  Erolcha (Orc:1)
  The ghost of AltWight the Severer, a journeyman BaBe of Trog (Lair:3)
  32 hydras
  3 naga warriors
  2 ghost crabs
  6 anacondas
  2 catoblepae
  7 alligators
  An ogre mage (D:14)
  3 centaur warriors (D:15)
  9 two-headed ogres
  The ghost of IjonTichy1 the Covert, a journeyman OpAs of Gozag (Lair:1)
  29 dancing weapons
  4 orc high priests (Orc:2)
  2 spriggan berserkers
  2 shock serpents
  Sonja (Lair:3)
  21 deep elf knights
  13 naga sharpshooters
  A salamander mystic (Snake:3)
  A skeletal warrior (D:14)
  3 spriggan druids
  2 unseen horrors
  10 deep elf archers
  2 lindwurms (Lair:6)
  8 swamp dragons
  7 naga ritualists
  4 orc knights (Orc:2)
  7 mana vipers
  9 orc sorcerers
  A wolf spider (D:15)
  5 oklob plants
  4 manticores
  6 ugly things
  48 deep elf magi
  4 salamanders
  3 guardian serpents
  3 cyclopes
  A centaur zombie (D:15)
  8 naga magi
  16 elephants
  32 black mambas
  A gargoyle (D:13)
  An efreet (D:15)
  A yaktaur (shapeshifter) (D:15)
  13 spiny frogs
  10 komodo dragons
  4 rime drakes
  4 yaktaurs (D:14)
  2 komodo dragons (shapeshifter)
  8 trolls
  2 polar bears (Lair:3)
  A meliai (D:15)
  A polar bear (shapeshifter) (Elf:2)
  28 blink frogs
  26 slime creatures
  4 tyrant leeches
  8 dream sheep (Lair:6)
  9 hornets
  14 hippogriffs
  6 bog bodies
  A meliai zombie (D:15)
  9 spriggans
  2 shadows (Swamp:3)
  A centaur simulacrum (D:15)
  6 water elementals
  3 wyverns
  3 wraiths (D:12)
  4 hungry ghosts
  25 yaks
  6 basilisks
  7 fire elementals
  4 hogs (Swamp:4)
  A yak (shapeshifter) (D:13)
  A golden eye (shapeshifter) (Elf:1)
  A redback simulacrum (D:15)
  16 vampire mosquitoes
  33 nagas
  6 wargs
  27 swamp worms
  4 insubstantial wisps (Swamp:1)
  11 porcupines
  10 water moccasins
  4 hell hounds
  3 sky beasts
  13 swamp drakes
  40 orc warriors
  3 ice beasts
  A black bear (D:7)
  An eye of draining (D:15)
  A boggart (D:14)
  3 phantoms
  11 wolves
  2 necrophages
  12 ogres
  13 centaurs
  13 crocodiles
  5 big kobolds
  18 bullfrogs
  An earth elemental (Elf:2)
  A wyvern zombie (D:11)
  A wyvern skeleton (D:14)
  5 scorpions
  A water moccasin skeleton (D:4)
  4 wights (D:9)
  6 killer bees (D:7)
  2 howler monkeys
  2 electric eels
  3 bullfrog zombies
  13 crimson imps
  The ghost of maniacrov the Sneak, a weakling SpAs (D:3)
  9 hounds
  5 jellies
  Crazy Yiuf (D:7)
  21 orc priests
  23 orc wizards
  8 centaur skeletons
  5 iguanas
  11 hell rats
  9 worker ants
  A statue (D:7)
  A hound zombie (D:10)
  3 hound skeletons
  13 adders
  4 gnolls (D:11)
  3 shadow imps
  An ooze (D:3)
  An adder zombie (D:6)
  2 adder skeletons
  A worm (shapeshifter) (D:15)
  4 worms
  3 dart slugs
  5 leopard geckos
  129 orcs
  2 ball pythons
  10 bats
  8 giant cockroaches
  13 goblins
  5 hobgoblins
  17 jackals
  7 quokkas
  14 frilled lizards
  A jackal skeleton (D:5)
  22 kobolds
  A leopard gecko skeleton (D:5)
  2 quokka skeletons
  A quokka zombie (D:5)
  6 rats
  5 briar patches (Swamp:4)
  3 fungi
  6 plants
1238 creatures vanquished.

Vanquished Creatures (others)
  A wizard (D:15)
  A black mamba (Lair:6)
  A naga mage (Snake:3)
  19 fungi
  11 plants
33 creatures vanquished.

Grand Total: 1271 creatures vanquished

Notes
Turn   | Place    | Note
-------+----------+-------------------------------------------
     0 | D:1      | Haldmier the Hill Orc Gladiator began the quest for the Orb.
     0 | D:1      | Reached XP level 1. HP: 18/18 MP: 1/1
    67 | D:1      | Reached XP level 2. HP: 19/25 MP: 2/2
   498 | D:1      | Reached XP level 3. HP: 25/30 MP: 3/3
   657 | D:1      | Reached skill level 5 in Axes
  1518 | D:2      | Reached XP level 4. HP: 37/38 MP: 4/4
  1981 | D:2      | Reached skill level 1 in Armour
  2367 | D:3      | Reached XP level 5. HP: 32/46 MP: 5/5
  2516 | D:3      | Found a glowing golden altar of the Shining One.
  2529 | D:3      | Found a shimmering altar of Xom.
  2701 | D:3      | Noticed maniacrov's ghost (weakling SpAs)
  2721 | D:3      | Killed maniacrov's ghost
  2721 | D:3      | Reached skill level 6 in Axes
  3749 | D:3      | Reached XP level 6. HP: 34/52 MP: 6/6
  4068 | D:4      | Reached skill level 1 in Evocations
  4072 | D:4      | Reached skill level 7 in Axes
  4182 | D:4      | Reached XP level 7. HP: 54/60 MP: 6/8
  4237 | D:4      | Found Buqous's Antique Weapon Boutique.
  4251 | D:4      | Bought an encrusted broad axe for 153 gold pieces
  4251 | D:4      | Identified the +2 broad axe of the Messenger {flame, rPois} (You bought it in a shop on level 4 of the Dungeon)
  4392 | D:4      | Found Zin's Purification Station.
  4401 | D:4      | Found a glowing silver altar of Zin.
  4625 | D:5      | Entered Level 5 of the Dungeon
  4713 | D:5      | Reached skill level 5 in Fighting
  4931 | D:5      | Found Gonaizacw's Food Boutique.
  5034 | D:5      | Reached skill level 8 in Axes
  5034 | D:5      | Reached XP level 8. HP: 60/68 MP: 9/9
  5305 | D:5      | Found a glowing golden altar of the Shining One.
  5433 | D:4      | Bought a runed blowgun for 93 gold pieces
  5704 | D:6      | Found an opulent altar of Gozag.
  5707 | D:6      | Found Gozag's Platinum Reserve.
  6242 | D:6      | Found a burning altar of Makhleb.
  6249 | D:6      | Became a worshipper of Makhleb the Destroyer
  6621 | D:7      | Reached skill level 9 in Axes
  6682 | D:7      | Found a radiant altar of Vehumet.
  6940 | D:7      | Found a runed door.
  6944 | D:7      | Noticed Crazy Yiuf
  6950 | D:7      | Killed Crazy Yiuf
  6950 | D:7      | Reached XP level 9. HP: 51/75 MP: 11/11
  7061 | D:7      | Found a sacrificial altar of Ru.
  7084 | D:7      | Found a staircase to the Ecumenical Temple.
  7094 | Temple   | Entered the Ecumenical Temple
  7507 | D:7      | Reached skill level 10 in Axes
  7509 | D:7      | Reached * piety under Makhleb
  8192 | D:8      | Reached skill level 5 in Armour
  8623 | D:8      | Reached skill level 11 in Axes
  8623 | D:8      | Reached skill level 5 in Dodging
  8623 | D:8      | Reached XP level 10. HP: 86/86 MP: 13/13
  8686 | D:8      | Found Ahim's Antique Armour Boutique.
  8704 | D:8      | Reached ** piety under Makhleb
  9373 | D:9      | Reached skill level 12 in Axes
  9617 | D:9      | Found a shattered altar of Ashenzari.
  9864 | D:9      | Reached skill level 5 in Throwing
 10241 | D:8      | Bought a distressingly furry scale mail for 288 gold pieces
 10251 | D:8      | Identified the cursed +1 scale mail of the Game Afoot {rC++ Int-5} (You bought it in a shop on level 8 of the Dungeon)
 10296 | D:10     | Entered Level 10 of the Dungeon
 10301 | D:10     | Reached *** piety under Makhleb
 10595 | D:10     | Found a staircase to the Orcish Mines.
 10884 | D:10     | Noticed an unseen horror
 10897 | D:10     | Killed an unseen horror
 10897 | D:10     | Reached skill level 1 in Invocations
 10897 | D:10     | Reached XP level 11. HP: 69/94 MP: 14/14
 11344 | D:11     | Found a staircase to the Lair.
 11367 | D:11     | Reached skill level 13 in Axes
 11411 | Lair:1   | Entered Level 1 of the Lair of Beasts
 11570 | Lair:1   | Noticed a four-headed hydra
 11579 | Lair:1   | Killed a one-headed hydra
 11758 | Lair:1   | Noticed IjonTichy1's ghost (journeyman OpAs)
 11795 | Lair:1   | Killed IjonTichy1's ghost
 12038 | Lair:1   | Noticed a five-headed hydra
 12044 | Lair:1   | Killed a four-headed hydra
 12044 | Lair:1   | Reached **** piety under Makhleb
 12391 | Lair:1   | Got a transparent helmet
 12440 | Lair:1   | Identified the +1 helmet of Xuocant {Str+4 Dex+5 Slay-4} (You found it on level 1 of the Lair of Beasts)
 12647 | D:11     | Reached skill level 14 in Axes
 12989 | D:11     | Reached skill level 5 in Invocations
 13194 | Lair:2   | Noticed an oklob plant
 13194 | Lair:2   | Noticed an oklob plant
 13605 | Lair:2   | Found a staircase to the Swamp.
 13615 | Lair:2   | Reached XP level 12. HP: 103/104 MP: 16/16
 15246 | Lair:2   | Reached skill level 10 in Fighting
 15524 | Lair:3   | Reached skill level 15 in Axes
 15895 | Lair:3   | Noticed Sonja
 15903 | Lair:3   | Killed Sonja
 16011 | Lair:3   | Noticed AltWight's ghost (journeyman BaBe)
 16025 | Lair:3   | Killed AltWight's ghost
 16125 | Lair:3   | Reached ***** piety under Makhleb
 16128 | Lair:3   | Noticed a five-headed hydra
 16842 | Lair:3   | Found a staircase to the Snake Pit.
 16937 | Lair:3   | Killed a four-headed hydra
 16937 | Lair:3   | Reached XP level 13. HP: 103/114 MP: 18/18
 17074 | Lair:3   | Reached skill level 16 in Axes
 18103 | Lair:4   | Found a shadowy altar of Dithmenos.
 18757 | Lair:5   | Reached skill level 17 in Axes
 19165 | Lair:6   | Entered Level 6 of the Lair of Beasts
 19243 | Lair:6   | Found a staircase to the Slime Pits.
 19298 | Lair:6   | Reached skill level 10 in Armour
 19638 | Lair:6   | Reached XP level 14. HP: 125/125 MP: 21/21
 19708 | Lair:6   | Noticed a dire elephant
 20109 | Lair:6   | Reached ****** piety under Makhleb
 20527 | Lair:6   | Reached skill level 10 in Invocations
 20572 | Lair:6   | Killed a dire elephant
 20693 | Lair:6   | Reached skill level 18 in Axes
 20755 | Lair:6   | Noticed a dire elephant
 20768 | Lair:6   | Killed a dire elephant
 21390 | Orc:1    | Entered Level 1 of the Orcish Mines
 21448 | Orc:1    | Noticed Erolcha
 21457 | Orc:1    | Killed Erolcha
 21848 | Orc:2    | Entered Level 2 of the Orcish Mines
 22109 | Orc:2    | Found a roughly hewn altar of Beogh.
 22493 | Orc:2    | Found Puaj's Gadget Boutique.
 22493 | Orc:2    | Noticed an orc warlord
 22504 | Orc:2    | Killed an orc warlord
 22548 | Orc:2    | Found Itiamp's Gadget Shop.
 22800 | Orc:2    | Reached XP level 15. HP: 91/135 MP: 23/23
 23253 | Orc:2    | Found a staircase to the Elven Halls.
 23324 | Orc:2    | Reached skill level 10 in Dodging
 23340 | Orc:2    | Got a shimmering mace
 23545 | Orc:2    | Lost intelligence.
 23797 | Orc:2    | Found Hugo's Armour Shoppe.
 23820 | Orc:2    | Noticed an orc warlord
 23848 | Orc:2    | Killed an orc warlord
 23992 | Orc:2    | Found Cikhego's Food Boutique.
 24020 | Orc:2    | Found a roughly hewn altar of Beogh.
 24413 | Orc:2    | Identified the +1 mace "Qureq" {holy, +Blink rC- Str+2 Dex+3} (You found it on level 2 of the Orcish Mines)
 24569 | D:8      | Bought a pair of runed gloves for 240 gold pieces
 24574 | D:8      | Bought a pair of glowing gloves for 240 gold pieces
 25159 | D:12     | Got a steaming mace
 25190 | D:12     | Noticed Josephine
 25202 | D:12     | Killed Josephine
 25799 | D:13     | Found an opulent altar of Gozag.
 26154 | D:13     | Found a glowing golden altar of the Shining One.
 26573 | D:14     | Found a gate to the Vaults.
 26888 | Lair:1   | Identified the +5 mace "Vathedwe" {crush, rF+ rN+} (You found it on level 12 of the Dungeon)
 27172 | D:15     | Entered Level 15 of the Dungeon
 27178 | D:15     | Found a transporter.
 27367 | D:15     | Learned a level 2 spell: Blink
 27404 | D:15     | Found a transporter.
 27533 | D:15     | Found a staircase to the Depths.
 27785 | D:15     | Reached skill level 1 in Translocations
 27803 | D:15     | Reached skill level 1 in Spellcasting
 27892 | D:15     | Reached XP level 16. HP: 140/147 MP: 25/25
 28430 | D:15     | Got a slimy lapis lazuli ring
 28443 | D:15     | Got a slimy marble ring
 28689 | Lair:1   | Identified the ring of the Will of the Gods {rC+ rN+ MP+9} (You found it on level 15 of the Dungeon)
 28691 | Lair:1   | Identified the ring of Takeups {rC+ MP-9 Str+3 Dex+3} (You found it on level 15 of the Dungeon)
 28717 | Lair:1   | Learned a level 1 spell: Apportation
 28828 | Snake:1  | Entered Level 1 of the Snake Pit
 29042 | Snake:1  | Found a flickering gateway to a bazaar.
 29078 | Bazaar   | Entered a bazaar
 29303 | Bazaar   | Found Fymmyen's General Store.
 29328 | Bazaar   | Found Liqifaec's Antique Armour Shoppe.
 29339 | Bazaar   | Found Qauciov's Antique Armour Emporium.
 29401 | Bazaar   | Found Adoothruo's Book Shoppe.
 29478 | Bazaar   | Found Qaopamab's Magic Scroll Shoppe.
 29501 | Bazaar   | Bought a runed scarf for 216 gold pieces
 29510 | Bazaar   | Bought a pair of glowing boots for 187 gold pieces
 29552 | Bazaar   | Bought a pair of distressingly furry gloves for 256 gold pieces
 29561 | Bazaar   | Bought a jewelled chain mail for 237 gold pieces
 29571 | Bazaar   | Identified the +2 chain mail "Yvvypp" {+Inv rC++ Str-2} (You bought it in a shop in a bazaar)
 29581 | Bazaar   | Identified the +2 pair of gloves of Nuisuil {*Drain rN+ Slay+3} (You bought it in a shop in a bazaar)
 29590 | Bazaar   | Bought a jewelled scale mail for 243 gold pieces
 29600 | Bazaar   | Identified the +5 scale mail of the Crushed People {rC+ Dex+3} (You bought it in a shop in a bazaar)
 29635 | Bazaar   | Bought a scroll of enchant weapon for 75 gold pieces
 29654 | Snake:1  | You fall through a shaft!
 30773 | Snake:2  | Reached skill level 15 in Fighting
 31031 | Snake:2  | Noticed Aizul
 31042 | Snake:2  | Killed Aizul
 31567 | Snake:2  | Noticed a nagaraja
 31579 | Snake:2  | Killed a nagaraja
 31653 | Snake:2  | Got a slimy great sword
 32337 | Elf:1    | Entered Level 1 of the Elven Halls
 32562 | Elf:1    | Noticed Louise
 32817 | Swamp:1  | Entered Level 1 of the Swamp
 32817 | Swamp:1  | Noticed a thorn hunter
 32825 | Swamp:1  | Killed a thorn hunter
 32825 | Swamp:1  | Reached XP level 17. HP: 103/156 MP: 26/26
 33150 | Swamp:1  | Noticed Donald
 33158 | Swamp:1  | Killed Donald
 33158 | Swamp:1  | Reached skill level 5 in Translocations
 34378 | Swamp:2  | Got a glittering granite ring
 34380 | Swamp:2  | Identified the ring "Ixic" {*Corrode MR+ EV+5 Dex+5} (You found it on level 2 of the Swamp)
 35280 | Swamp:3  | Found a sparkling altar of Nemelex Xobeh.
 35818 | Swamp:4  | Entered Level 4 of the Swamp
 36533 | Swamp:4  | Reached XP level 18. HP: 168/168 MP: 27/27
 36667 | Swamp:4  | Got a decaying rune of Zot
 36880 | Swamp:4  | Noticed Kirke
 36888 | Swamp:4  | Killed Kirke
 36905 | Swamp:4  | Identified a scroll of acquirement
 37494 | Elf:1    | Killed Louise
 37620 | Elf:1    | Reached skill level 15 in Armour
 38009 | Elf:1    | You fall through a shaft!
 38518 | Elf:2    | Noticed Jorgrun
 38544 | Elf:2    | Killed Jorgrun
 38937 | Elf:2    | Found a runed gate.
 38937 | Elf:2    | Found a runed gate.
 38938 | Elf:2    | Found a runed gate.
 39045 | Elf:2    | Found Gopuahi's Jewellery Boutique.
 39130 | Elf:2    | Reached XP level 19. HP: 159/179 MP: 28/28
 39191 | Elf:2    | Noticed a Tzitzimitl
 39526 | Elf:2    | Noticed a Brimstone Fiend
 39527 | Elf:2    | Noticed an Ice Fiend
 39818 | Elf:2    | Found Huudghogo's Magic Scroll Shoppe.
 39901 | Elf:2    | Found Kirusew's Magic Scroll Shop.
 39913 | Elf:2    | Found Sacyfoskur's Gadget Boutique.
 40548 | Snake:3  | Noticed Asterion
 40863 | Snake:3  | Reached skill level 19 in Axes
 41208 | Snake:3  | Noticed Azrael
 41228 | Snake:3  | Killed Azrael
 42055 | Snake:2  | Killed from afar by Asterion

Skill      XL: |  1  2  3  4  5  6  7  8  9 10 11 12 13 14 15 16 17 18 19 |
---------------+----------------------------------------------------------+-----
Axes           | 5 6 7 8 9 11 12 14 15 17 18 19 | 19.2
Fighting       | 3 4 5 6 7 8 9 10 11 13 14 15 16 17 18 | 18.0
Armour         | 1 2 3 4 5 6 8 9 10 11 12 13 14 15 | 15.9
Dodging        | 3 4 5 6 7 8 9 10 11 12 13 | 13.4
Evocations     | 1 2 3 4 |  4.0
Throwing       | 2 3 4 5 |  5.1
Invocations    | 1 5 7 9 11 13 | 13.0
Translocations | 1 4 6 8 |  8.8
Spellcasting   | 1 3 |  3.1

Action                   |  1- 3 |  4- 6 |  7- 9 | 10-12 | 13-15 | 16-18 | 19-21 || total
-------------------------+-------+-------+-------+-------+-------+-------+-------++-------
Melee: War axe           |   130 |   245 |     8 |    32 |       |       |       ||   415
       Broad axe         |       |       |   320 |   561 |  1208 |  1311 |   311 ||  3711
Throw: Javelin           |       |       |     2 |    24 |     5 |       |     3 ||    34
Invok: Lesser Servant of |       |       |       |       |     1 |       |       ||     1
 Abil: Evoke Berserk Rag |       |       |     1 |     2 |     2 |     3 |       ||     8
Evoke: Lamp of fire      |       |       |       |     1 |     2 |     1 |     1 ||     5
       Wand              |       |       |       |     9 |       |     3 |       ||    12
       Box of beasts     |       |       |       |       |       |     1 |       ||     1
       Sack of spiders   |       |       |       |       |       |       |     1 ||     1
  Use: Scroll            |       |       |    10 |    18 |    11 |     4 |     3 ||    46
       Potion            |       |       |       |       |     1 |     1 |       ||     2
 Stab: Paralysed         |       |       |       |     1 |       |       |       ||     1
       Distracted        |       |       |       |       |       |     1 |       ||     1
  Eat: Chunk             |     2 |     9 |    19 |    26 |    40 |    34 |     6 ||   136
       Royal jelly       |       |       |       |     1 |       |     3 |     1 ||     5
Armor: Leather armour    |    33 |       |       |       |       |       |       ||    33
       Chain mail        |    24 |   136 |   203 |    63 |       |    33 |       ||   459
       Scale mail        |       |       |       |   143 |   221 |   354 |    84 ||   802
       Plate armour      |       |       |       |       |   169 |    27 |       ||   196
Dodge: Dodged            |    88 |    89 |   174 |   368 |   743 |   947 |   289 ||  2698
Block: Buckler           |       |       |       |       |       |   226 |    23 ||   249
